 Dungeon Crawl Stone Soup version 0.18.1-48-g4cf74bf (webtiles) character file.

4225 Inkary the Fighter (level 10, 0/114 HPs)
             Began as an Ogre Fighter on Aug 5, 2016.
             Was a Believer of Okawaru.
             Slain by a killer bee (1 damage)
             ... on level 8 of the Dungeon.
             The game lasted 00:15:42 (6526 turns).

Inkary the Fighter (Ogre Fighter)                   Turns: 6526, Time: 00:15:43

Health: 0/114      AC:  9    Str: 24 (26) XL:     10   Next: 30%
Magic:  8/14       EV: 13    Int:  5 (7)  God:    Okawaru [**....]
Gold:   356        SH:  2    Dex:  8 (10) Spells: 1 memorised, 13 levels left

rFire  . . .     SeeInvis .     z - +0 giant club
rCold  + . .     Gourm    .     G - +2 robe {rC+}
rNeg   . . .     Faith    .     (shield currently unavailable)
rPois  .         Spirit   .     C - +2 hat
rElec  .         Dismiss  .     (no cloak)
rCorr  .         Reflect  .     (gloves unavailable)
SustAt .         Harm     .     (boots unavailable)
MR     +....                    (no amulet)
Stlth  +.........               F - +3 ring of strength
                                j - +3 ring of evasion

@: lethally poisoned (0 -> -13), very slightly contaminated, somewhat resistant
to hostile enchantments, very unstealthy
A: unfitting armour, large bone plates 1, clumsy 1, tough skin 1
a: Heroism, Renounce Religion


You were on level 8 of the Dungeon.
You worshipped Okawaru.
Okawaru was pleased with you.
You were not hungry.

You visited 2 branches of the dungeon, and saw 9 of its levels.

You collected 356 gold pieces.

Inventory:

Hand Weapons
 z - a +0 giant club (weapon)
Missiles
 h - 20 tomahawks (quivered)
 i - 7 javelins
Armour
 C - a +2 hat (worn)
 G - a +2 robe of cold resistance (worn)
Jewellery
 b - an uncursed ring of fire {unknown}
 j - a +3 ring of evasion (left hand)
 p - an uncursed ring of protection from cold
 F - a +3 ring of strength (right hand)
Wands
 c - a wand of confusion (23/48)
 m - a wand of heal wounds (5/9)
 J - a wand of iceblast (10/15)
 L - a wand of iceblast (4/15)
Scrolls
 a - a scroll of recharging
 l - a scroll of blinking {unknown}
 n - 2 scrolls of noise
 o - a scroll of identify
 r - a scroll of fear {unknown}
 s - 3 scrolls of remove curse
 w - 2 scrolls of teleportation {unknown}
 y - a scroll of enchant armour
 E - a scroll of random uselessness
Potions
 d - a potion of cure mutation {unknown}
 e - 3 potions of agility {unknown}
 k - 4 potions of flight
 q - 2 potions of heal wounds {unknown}
 t - 2 potions of lignification {unknown}
 v - 2 potions of cancellation
 x - 3 potions of degeneration
 A - a potion of resistance {unknown}
 B - 3 potions of magic {unknown}
 D - a potion of berserk rage {unknown}
Books
 u - a book of the Warp

   Spells                             Type                      Level
   a - Recall                         Summoning/Translocation      3
   b - Gell's Gravitas                Hexes/Translocation          3
   c - Force Lance                    Conjuration/Translocation    4
   d - Warp Weapon                    Charms/Translocation         5
   e - Summon Forest                  Summoning/Translocation      5
 H - a book of Envenomations

   Spells                             Type                      Level
   a - Spider Form                    Transmutation/Poison         3
   b - Olgreb's Toxic Radiance        Poison                       4
   c - Alistair's Intoxication        Transmutation/Poison         5
   d - Poisonous Cloud                Conjuration/Poison/Air       6
 I - the Reference Book on Hexes and Black Rituals
   (You found it on level 8 of the Dungeon)

   Spells                             Type                      Level
   a - Sublimation of Blood           Necromancy                   2
   b - Dazzling Spray                 Conjuration/Hexes            3
   c - Yara's Violent Unravelling     Hexes/Transmutation          5
   d - Summon Mana Viper              Hexes/Summoning              5
   e - Dispel Undead                  Necromancy                   5
Comestibles
 f - 3 bread rations
 g - 5 meat rations
 K - 11 chunks of flesh


   Skills:
 + Level 11.6 Fighting
 + Level 10.9 Maces & Flails
 - Level 5.0 Throwing
 - Level 2.6 Dodging
   Level 4.3 Shields
 - Level 3.1 Spellcasting
 - Level 1.8 Poison Magic
 - Level 3.0 Evocations


You had 13 spell levels left.
You knew the following spells:

 Your Spells              Type           Power        Failure   Level  Hunger
a - Cure Poison           Pois           #.........   30%         2    ###....


Dungeon Overview and Level Annotations

Branches:
Dungeon (8/15)             Temple (1/1) D:6
   Lair: D:8-11

Altars:
Ashenzari
Cheibriados
Dithmenos
Elyvilon
Fedhas
Gozag
Kikubaaqudgha
Makhleb
Nemelex Xobeh
Okawaru
Pakellas
Qazlal
Ru
Sif Muna
Trog
Vehumet
Xom
Yredelemnul
Zin
The Shining One

Shops:
D:4 (   D:5 (


Innate Abilities, Weirdness & Mutations

You are too large for most types of armour.
You have tough skin (AC +1).
You are partially covered in large bone plates (AC +2, SH +2).
You are clumsy. (Dex -2)


Message History

The killer bee stings you.
* * * LOW HITPOINT WARNING * * *
You are more poisoned.
The killer bee poisons you! The killer bee closely misses you. x2
You barely miss the killer bee.
You feel sick. The killer bee barely misses you.
The killer bee closely misses you. The killer bee barely misses you.
The killer bee stings you.
* * * LOW HITPOINT WARNING * * *
You are lethally poisoned!
The killer bee poisons you!
The killer bee stings you but does no damage.
The killer bee closely misses you. The killer bee barely misses you.
The killer bee stings you.
* * * LOW HITPOINT WARNING * * *
The killer bee barely misses you.
You completely miss the killer bee.
* * * LOW HITPOINT WARNING * * *
You feel sick. The killer bee barely misses you.
The killer bee closely misses you. The killer bee stings you.
You die...

#
#....#......#.....#...
#....#......#.....#...
#....#......#.....#...
##...#......#.....'...
##...#......#.....#...
#....#......########..
#....#...........###..
#...y#######.....'....
#..yy@.....#.....#....
#...yy.....'.....#....
#..........#.....#....
############.....#####
#######


You could see 5 killer bees.

Vanquished Creatures
  The ghost of Joat the Gusty, a novice OpWz of Vehumet (D:7)
  A hill giant (D:8)
  The ghost of Inkary the Shooter, an amateur CeHu (D:3)
  Sigmund (D:3)
  A wyvern (D:8)
  Eustachio (D:4)
  A hungry ghost (D:7)
  3 sky beasts
  4 orc warriors
  An ogre (D:4)
  3 centaurs
  5 giant frogs
  A wyvern zombie (D:6)
  A wyvern skeleton (D:8)
  5 howler monkeys
  A jelly (D:7)
  6 crimson imps
  A wasp zombie (D:6)
  2 centaur skeletons
  3 orc priests
  2 hounds
  A giant frog skeleton (D:6)
  6 orc wizards
  3 worker ants
  A hound skeleton (D:4)
  4 adders
  3 oozes
  4 worms
  A dart slug (D:5)
  7 giant geckos
  31 orcs
  3 giant cockroaches
  11 goblins
  4 hobgoblins
  5 jackals
  4 kobolds (D:1)
  2 quokkas
  A ball python (D:2)
  6 bats
  5 giant newts
  A jackal skeleton (D:8)
  A quokka zombie (D:5)
  7 rats
156 creatures vanquished.

Notes
Turn   | Place    | Note
--------------------------------------------------------------
     0 | D:1      | Inkary the Ogre Fighter began the quest for the Orb.
     0 | D:1      | Reached XP level 1. HP: 24/24 MP: 1/1
    57 | D:1      | Reached XP level 2. HP: 24/33 MP: 2/2
   684 | D:1      | Reached XP level 3. HP: 38/40 MP: 3/3
  1124 | D:2      | Reached skill level 1 in Throwing
  1546 | D:2      | Found a bloodstained altar of Trog.
  1657 | D:3      | Noticed Sigmund
  1670 | D:3      | Killed Sigmund
  1670 | D:3      | Reached skill level 5 in Fighting
  1670 | D:3      | Reached XP level 4. HP: 38/50 MP: 4/4
  1670 | D:3      | Reached XP level 5. HP: 43/57 MP: 5/5
  2026 | D:3      | Noticed Inkary's ghost (amateur CeHu)
  2058 | D:3      | Killed Inkary's ghost
  2058 | D:3      | Reached skill level 6 in Fighting
  2058 | D:3      | Reached skill level 5 in Maces & Flails
  2058 | D:3      | Reached XP level 6. HP: 14/67 MP: 6/6
  2058 | D:3      | Reached XP level 7. HP: 15/75 MP: 7/7
  2231 | D:3      | Found a sparkling altar of Nemelex Xobeh.
  2233 | D:3      | Found a shadowy altar of Dithmenos.
  2233 | D:3      | Found a glowing golden altar of the Shining One.
  2233 | D:3      | Found an ancient bone altar of Kikubaaqudgha.
  2236 | D:3      | Found a snail-covered altar of Cheibriados.
  2237 | D:3      | Found a glowing silver altar of Zin.
  2585 | D:4      | Noticed Eustachio
  2606 | D:4      | Killed Eustachio
  2653 | D:4      | Found Janauroj's Weapon Shoppe.
  2885 | D:5      | Entered Level 5 of the Dungeon
  2920 | D:5      | Reached skill level 7 in Fighting
  3009 | D:5      | Reached XP level 8. HP: 80/87 MP: 8/8
  3177 | D:5      | Found a shattered altar of Ashenzari.
  3422 | D:5      | Found a deep blue altar of Sif Muna.
  3441 | D:5      | Found Fyoskeek's Antique Weapon Shoppe.
  3580 | D:6      | Reached skill level 8 in Fighting
  3594 | D:6      | Gained mutation: You are partially covered in large bone plates (AC +2, SH +2). [mutagenic meat]
  3595 | D:6      | Gained mutation: You are clumsy. (Dex -2) [mutagenic meat]
  3614 | D:6      | Reached skill level 5 in Throwing
  3627 | D:6      | Identified the Volume of Supportive Poisoning
  3637 | D:6      | Learned a level 2 spell: Cure Poison
  3861 | D:6      | Reached skill level 1 in Spellcasting
  4355 | D:6      | Reached skill level 1 in Poison Magic
  4542 | D:6      | Found a staircase to the Ecumenical Temple.
  4551 | Temple   | Entered the Ecumenical Temple
  4630 | Temple   | Became a worshipper of Warmaster Okawaru
  5027 | D:7      | Reached XP level 9. HP: 84/97 MP: 11/13
  5049 | D:7      | Reached skill level 9 in Fighting
  5211 | D:7      | Reached skill level 1 in Evocations
  5273 | D:7      | Noticed Joat's ghost (novice OpWz)
  5324 | D:7      | Killed Joat's ghost
  5324 | D:7      | Reached * piety under Okawaru
  5324 | D:7      | Reached skill level 10 in Fighting
  6006 | D:8      | Reached ** piety under Okawaru
  6255 | D:8      | Identified the Reference Book on Hexes and Black Rituals
  6263 | D:8      | Reached XP level 10. HP: 102/111 MP: 14/14
  6325 | D:8      | Reached skill level 10 in Maces & Flails
  6336 | D:8      | Reached skill level 11 in Fighting
  6362 | D:8      | Noticed a hill giant
  6373 | D:8      | Killed a hill giant
  6525 | D:8      | HP: 2/114 [killer bee (4)]
  6526 | D:8      | Slain by a killer bee

Skill      XL: |  1  2  3  4  5  6  7  8  9 10 |
---------------+-------------------------------+-----
Maces & Flails | 3 4 5 6 8 9 10 | 10.9
Shields        | 3 4 |  4.3
Throwing       | 2 3 4 5 |  5.0
Fighting       | 5 6 7 8 10 11 | 11.6
Spellcasting   | 2 3 |  3.1
Poison Magic   | 1 |  1.8
Evocations     | 3 |  3.0
Dodging        | |  2.6

Action                   |  1- 3 |  4- 6 |  7- 9 | 10-12 || total
-------------------------+-------+-------+-------+-------++-------
Melee: Flail             |   127 |    37 |     8 |       ||   172
       Giant club        |       |       |   324 |    59 ||   383
Throw: Tomahawk          |     9 |     4 |    12 |       ||    25
 Cast: Cure Poison       |       |       |       |     2 ||     2
Evoke: Wand              |       |       |     1 |     2 ||     3
  Use: Potion            |       |     1 |     1 |     1 ||     3
       Scroll            |       |       |     7 |     1 ||     8
 Stab: Sleeping          |     1 |       |       |       ||     1
  Eat: Meat ration       |     1 |       |       |       ||     1
       Chunk             |       |       |    17 |     1 ||    18
       Royal jelly       |       |       |     1 |       ||     1
Armor: Robe              |    33 |     6 |   153 |    32 ||   224
Dodge: Dodged            |    61 |    12 |   264 |    88 ||   425
Block: Shield            |    53 |     7 |     3 |       ||    63
       Other             |       |       |    18 |     2 ||    20
